 Dungeon Crawl Stone Soup version 0.17-a0-1632-g0af21bd (webtiles) character file.

995 Horst the Ducker (level 7, 0/71 HPs)
             Began as a Troll Berserker on Aug 3, 2015.
             Was a Priest of Trog.
             Slain by an iguana (5 damage)
             ... while paralysed
             ... on level 5 of the Dungeon.
             The game lasted 00:18:49 (4272 turns).

Horst the Ducker (Troll Berserker)                  Turns: 4272, Time: 00:18:49

Health: 0/71       AC:  5    Str: 26    XL:     7   Next: 99%
Magic:  0/6        EV:  1    Int:  4    God:    Trog [***...]
Gold:   272        SH:  0    Dex: 10    Spells: 0 memorised, 6 levels left

rFire  . . .     SeeInvis .     t - +1 hand axe (drain)
rCold  + . .     Clarity  .     b - +0 animal skin
rNeg   . . .     SustAt   .     (no shield)
rPois  .         Gourm    +     (helmet restricted)
rElec  .         Spirit   +     (no cloak)
rCorr  .         Warding  .     (gloves unavailable)
rMut   .         Stasis   .     (boots unavailable)
MR     .....                    h - amulet of guardian spirit
Stlth  +.........               (no ring)
                                p - ring of protection from cold

@: paralysed, exhausted, slowed, not resistant to hostile enchantments, very
unstealthy
A: unfitting armour, claws 3, fast metabolism 3, gourmand, regeneration 2,
shaggy fur 1, tough skin 2
a: Burn Spellbooks, Berserk, Trog's Hand, Renounce Religion


You were on level 5 of the Dungeon.
You worshipped Trog.
Trog was most pleased with you.
You were not hungry.

You visited 1 branch of the dungeon, and saw 5 of its levels.

You collected 272 gold pieces.

Inventory:

Hand weapons
 a - a +0 hand axe
 e - a +1 hand axe of electrocution
 t - a +1 hand axe of draining (weapon)
Armour
 b - a +0 animal skin (worn)
 j - a +0 ring mail
 m - a cursed +0 ring mail
 y - a +0 robe
Jewellery
 h - an amulet of guardian spirit (around neck)
 p - a ring of protection from cold (left claw)
Magical devices
 d - a wand of random effects (24)
 v - a wand of fire (6)
Scrolls
 f - a scroll of blinking {unknown}
 g - 2 scrolls of noise {unknown}
 i - a scroll of random uselessness {unknown}
 l - 2 scrolls of amnesia {unknown}
 s - 2 scrolls of remove curse {unknown}
 x - a scroll of identify {unknown}
 C - 2 scrolls of magic mapping
 E - a scroll of recharging {unknown}
 F - a scroll of immolation {unknown}
Potions
 k - a potion of brilliance {unknown}
 n - a potion of mutation {unknown}
 o - a potion of haste
 q - a potion of cancellation {unknown}
 u - 3 potions of agility {unknown}
 w - a potion of curing {unknown}
 z - a potion of degeneration {unknown}
 A - a potion of lignification {unknown}
 B - a potion of heal wounds {unknown}
 D - a potion of magic {unknown}
Comestibles
 c - 3 bread rations
 r - 2 slices of pizza
 G - a beef jerky


   Skills:
 + Level 4.4 Fighting
 + Level 4.5 Axes
 + Level 5.7 Dodging
 + Level 1.1 Stealth


You had 6 spell levels left.
You didn't know any spells.

Dungeon Overview and Level Annotations

Branches:
Dungeon (5/15)             Temple (0/1) D:5

Altars:
Fedhas
Gozag
Makhleb
Qazlal

Shops:
D:4 **


Innate Abilities, Weirdness & Mutations

You are too large for most types of armour.
You have claws for hands.
Your metabolism is lightning-fast.
You like to eat raw meat.
You heal very quickly.
You are covered in fur (AC +1).
You have very tough skin (AC +2).


Message History

The tomahawk hits you but does no damage.
An iguana comes into view.
The iguana hisses angrily.
You slash the giant cockroach!
You kill the giant cockroach!
Trog accepts your kill.
The orc throws a tomahawk.
The tomahawk barely misses you. The iguana closely misses you.
The orc barely misses you.
Things that are here:
a club; a halberd; a chain mail You feel a strong urge to attack something.
Things that are here:
a tomahawk; a whip; an orc corpse You feel your anger subside.
You are no longer berserk.
You pass out from exhaustion.
You feel yourself slow down. The iguana bites you!
* * * LOW HITPOINT WARNING * * *
The iguana bites you.
You die...

..(..........#....#,,,,,,,,,,,,,,
...##)...######..###**,*,******,*
..†)...............#,*,*,**,*,*,,
...###....######(###,,,,,,,,,,*,,
...##.....######.# *,,,,,,,,,,*,,
...##.........##.# *,*,*,**,***,,
...##.........##.# ***,*,**,***,,
...##.#.......##.# **,*,**,,,*,,
...+..........##@# *,,*,****,*,,
...##.#.#.....##l#***,,,,,,,,,*,,
...##.#.#.....##oo.....#,*******,
...##.#.#.....+.........,,,,,,,,,
...##.#.#*....#######..#,********
...##.#.#*,...# *,..,,*
#####.#.#*,...# *,*,,,*
#.#.#*,,,,* *,*,,,*******
#.#,******* *,*,*,,,,,,,,


You could see an iguana and 2 orcs.

Vanquished Creatures
  Pikel (D:4)
  An orc warrior (D:5)
  A centaur (D:5)
  An ogre (D:4)
  A gnoll shaman (D:5)
  A centaur skeleton (D:4)
  6 gnolls (D:5)
  A worker ant zombie (D:5)
  4 adders
  3 shadow imps
  2 oozes
  A worm (D:2)
  4 giant geckos
  16 orcs
  5 bats
  4 giant cockroaches
  6 goblins
  9 hobgoblins
  5 jackals (D:2)
  2 ball pythons (D:1)
  3 giant newts
  A jackal zombie (D:5)
  9 kobolds
  A quokka zombie (D:5)
  5 rats
93 creatures vanquished.

Vanquished Creatures (others)
  2 adders (D:4)
  An orc (D:4)
3 creatures vanquished.

Grand Total: 96 creatures vanquished

Notes
Turn   | Place    | Note
--------------------------------------------------------------
     0 | D:1      | Horst the Troll Berserker began the quest for the Orb.
     0 | D:1      | Reached XP level 1. HP: 22/22 MP: 0/0
   251 | D:1      | Reached XP level 2. HP: 29/29 MP: 1/1
   762 | D:1      | Reached XP level 3. HP: 36/36 MP: 2/2
  1037 | D:2      | Found a faded altar to an unknown god.
  1132 | D:2      | Found a blossoming altar of Fedhas.
  1173 | D:2      | Acquired Trog's second power
  1173 | D:2      | Reached skill level 3 in Dodging
  1769 | D:3      | Reached XP level 4. HP: 32/45 MP: 3/3
  2617 | D:4      | Noticed a slave
  2618 | D:4      | Noticed a slave
  2618 | D:4      | Noticed a slave
  2618 | D:4      | Noticed Pikel
  2622 | D:4      | Noticed a slave
  2642 | D:4      | Killed Pikel
  2642 | D:4      | Reached skill level 4 in Axes
  2642 | D:4      | Reached XP level 5. HP: 41/54 MP: 1/4
  2642 | D:4      | Reached XP level 6. HP: 47/62 MP: 1/5
  2642 | D:4      | Reached XP level 7. HP: 51/68 MP: 1/6
  2715 | D:4      | Found a stormy altar of Qazlal.
  2771 | D:4      | Noticed an ogre
  2778 | D:4      | Killed an ogre
  2778 | D:4      | Reached skill level 5 in Dodging
  2845 | D:4      | Found a burning altar of Makhleb.
  2980 | D:4      | Found Cuowky's General Store.
  3457 | D:4      | Found an opulent altar of Gozag.
  3461 | D:4      | Found Gozag's Platinum Reserve.
  3613 | D:5      | Entered Level 5 of the Dungeon
  4183 | D:5      | Found a staircase to the Ecumenical Temple.
  4263 | D:5      | Reached skill level 1 in Stealth
  4272 | D:5      | Slain by an iguana

Vault maps used:
D:1:      minmay_arrival_wavy_path
D:2:      ecumenical_altar_1, kennysheep_flooded_box
D:4:      lightli_temple_of_fire, nicolae_overflow_crystal_walls,
          nicolae_gozag_zags_fifth_avenue, first_bread, serial_shops,
          nicolae_shop_trees, uniq_pikel
D:5:      minmay_temple_entry_statues_pillars

Action                   |  1- 3 |  4- 6 |  7- 9 || total
-------------------------+-------+-------+-------++-------
Melee: Hand axe          |    88 |    72 |    93 ||   253
Invok: Berserk           |       |     1 |     5 ||     6
  Use: Scroll            |       |       |     1 ||     1
       Potion            |       |       |     1 ||     1
  Eat: Chunk             |    18 |    11 |     7 ||    36
       Meat ration       |       |       |     1 ||     1
       Bread ration      |       |       |     1 ||     1
